 Dungeon Crawl Stone Soup version 0.28.0-45-g0d030f2227 (webtiles) character file.

Game seed: 1697174799692273732

87 zeratav the Insei (level 4, -8/29 HPs)
             Began as an Octopode Transmuter on Apr 11, 2022.
             Killed from afar by Sigmund (10 damage)
             ... with a puff of flame
             ... on level 3 of the Dungeon.
             The game lasted 00:03:34 (2550 turns).

zeratav the Insei (Octopode Transmuter)             Turns: 2550, Time: 00:03:34

Health: -8/29      AC:  1    Str:  9    XL:     4   Next: 51%
Magic:  2/7        EV: 13    Int: 15    God:
Gold:   64         SH:  0    Dex: 14    Spells: 3/7 levels left

rFire   . . .      SeeInvis .   k - +2 falchion (holy) {long}
rCold   . . .      Faith    .   (no shield)
rNeg    . . .      Spirit   .   (helmet restricted)
rPois   .          Reflect  .   (no amulet)
rElec   .          Harm     .   b - ring of wizardry
rCorr   .          Rampage  .   (no ring)
Will    .....                   (no ring)
Stlth   +++.......              (no ring)
HPRegen 0.09/turn               (no ring)
MPRegen 0.10/turn               (no ring)
                                (no ring)
                                (no ring)

@: no status effects
A: almost no armour, amphibious, 8 rings, camouflage 1, gelatinous body 1,
(nimble swimmer 1), tentacles
a: no special abilities


You were on level 3 of the Dungeon.
You visited 1 branch of the dungeon, and saw 3 of its levels.

You collected 64 gold pieces.


Innate Abilities, Weirdness & Mutations

You cannot wear most types of armour.
You are amphibious.
You can wear up to eight rings at the same time.
Your skin changes colour to match your surroundings (Stealth+).
Your rubbery body absorbs attacks. (AC +1, EV +1)
((You are camouflaged when in or above water. (Stealth+)))
You have tentacles for arms and can constrict up to eight enemies at once.


   Skills:
 + Level 2.0 Fighting
 + Level 2.6 Dodging
 + Level 2.3 Stealth
 * Level 4.0 Unarmed Combat
 - Level 2.0 Spellcasting
 - Level 2.0 Transmutations


You had 3 spell levels left.
You knew the following spells:

 Your Spells              Type           Power      Damage    Failure   Level
a - Beastly Appendage     Tmut           14%        N/A       4%          1
b - Spider Form           Tmut/Pois      4%         N/A       17%         3

Your spell library contained the following spells:

 Spells                   Type           Power      Damage    Failure   Level
 Wereblood                Tmut           7%         N/A       6%          2
 Ice Form                 Ice/Tmut       4%         N/A       47%         4

Inventory:

Hand Weapons
 k - a +2 falchion of holy wrath (weapon) {long}
   (You took it off Terence on level 2 of the Dungeon)
 l - the +4 dagger of the Lamprey {speed, Int+5 Stlth+, short}
   (You found it on level 2 of the Dungeon)

   Attacks with this weapon are significantly faster.
   Int:       It affects your intelligence (+5).
   Stlth:     It makes you more stealthy.
Jewellery
 b - a ring of wizardry (left tentacle)
   (You found it on level 1 of the Dungeon)
Scrolls
 a - 4 scrolls of identify {unknown}
 e - a scroll of immolation {unknown}
 f - a scroll of noise {unknown}
 m - a scroll of amnesia {unknown}
Potions
 c - a potion of lignification {unknown}
 d - 3 potions of curing {unknown}
 g - a potion of might {unknown}
 h - a potion of heal wounds {unknown}
 i - a potion of mutation {unknown}
 j - a potion of degeneration {unknown}
 n - 2 potions of cancellation {unknown}

Dungeon Overview and Level Annotations

Branches:
Dungeon (3/15)

Altars:

Shops:
D:2 (

Annotations:
D:3 Sigmund

.....<.#####............#######
........#...............#
........#.#.............#
........#.#............[#
........#.#.#######+#'#.#
........#.#...........#.#
#######.#.###÷..÷..#.##.#
...(....#.# #......@....#
#########.# #...@..##.#.# #.#
#......##.#.# #......##...#
#......###..# #.......# ..#
#.......# #.# #.......# >#
#.......# #...b...#


You could see Sigmund (very poisoned).


Message History

No target in view!
No target in view!
No target in view!
Your tentacle spike disappears.
Things that are here:
a +0 hand axe {axe}; an orc corpse; HP[+5] MP[+1]
Your hp is fully restored (29).
Your mp is fully restored (7).
Found a stone staircase leading up.
Things that are here:
a +0 hand axe {axe}; an orc corpse A ball python comes into view.
One of your tentacles grows a vicious spike.
MP[-1]
You lost 1 mp, and now have 6/7 mp.
The ball python misses you. The ball python grabs you.
The ball python constricts you. The ball python bites you.
The ball python constricts you.
HP[-3]
You take 3 damage, and now have 26/29 hp.
You closely miss the ball python. You grab the ball python.
You squeeze the ball python.
You kill the ball python!
No target in view!
No target in view!
No target in view!
No target in view!
No target in view!
Your transformation is almost over.
Your tentacle spike disappears.
Sigmund the Dreaded comes into view.
He is wielding a +1 scythe of protection and carrying a wand of flame (14).
HP[+3] MP[+1]
Your hp is fully restored (29).
Your mp is fully restored (7).
You open the door.
There is an open door here.
Casting: Beastly Appendage (safe; 4% risk of failure)
Confirm with . or Enter, or press ? or * to list all spells.
The spell is quite dangerous to miscast (17% risk of failure)!
Continue anyway?
You miscast Spider Form.
You are very lightly contaminated with residual magic.
Nothing appears to happen.
MP[-3]
You lost 3 mp, and now have 4/7 mp.
Casting: Spider Form (quite dangerous; 17% risk of failure)
Confirm with . or Enter, or press ? or * to list all spells.
The spell is quite dangerous to miscast (17% risk of failure)!
Continue anyway?
You turn into a venomous arachnid creature.
Your +2 falchion of holy wrath {long} melds into your body.
Your +2 falchion of holy wrath {long} stops glowing.
MP[-3]
You lost 3 mp, and now have 1/7 mp.
Found a stone staircase leading down.
Your transformation is almost over.
Sigmund shouts!
Sigmund completely misses you.
Sigmund zaps a wand.
The puff of flame hits you!
HP[-11]
You take 11 damage, and now have 18/29 hp.
MASSIVE DAMAGE!! (PAUSE)
You hit Sigmund.
Sigmund is poisoned.
Sigmund zaps a wand.
The puff of flame misses you.
You barely miss Sigmund. Sigmund misses you.
You hit Sigmund.
Sigmund looks as sick as possible!
You hit Sigmund but do no damage.
Sigmund looks as sick as possible!
Sigmund gestures at you while chanting. You resist with some effort.
Sigmund gestures at you while chanting. The puff of flame hits you!
* * * LOW HITPOINT WARNING * * *
Your magical contamination has completely faded away.
HP[-7]
You take 7 damage, and now have 11/29 hp.
MASSIVE DAMAGE!! (PAUSE) MP[+1]
You open the door. Sigmund completely misses you.
HP[+1]
Your transformation has ended.
Your +2 falchion of holy wrath {long} unmelds from your body.
Your +2 falchion of holy wrath {long} softly glows with a divine radiance!
Sigmund casts a spell at you.
You are confused.
There is an open door here.
You bump into the rock wall.
A bat comes into view.
You bump into the rock wall.
Sigmund hits you from afar with a +1 scythe of protection.
* * * LOW HITPOINT WARNING * * *
HP[-2]
You take 2 damage, and now have 10/29 hp.
You bump into the rock wall.
Sigmund hits you from afar with a +1 scythe of protection!
* * * LOW HITPOINT WARNING * * *
HP[-8]
You take 8 damage, and now have 2/29 hp.
MASSIVE DAMAGE!! (PAUSE)
You feel less confused.
Sigmund points at you and mumbles some strange words.
The puff of flame hits you!
You die...

Skill      XL: |  1  2  3  4 |
---------------+-------------+-----
Stealth        | 1 2 |  2.3
Fighting       | 2 |  2.0
Unarmed Combat | 4 |  4.0
Dodging        | |  2.6
Spellcasting   | |  2.0
Transmutations | |  2.0

Action                   |  1- 3 |  4- 6 || total
-------------------------+-------+-------++-------
Melee: Unarmed           |    63 |     7 ||    70
       Kick              |    17 |     4 ||    21
       Constrict         |    17 |     5 ||    22
       Tentacles         |    13 |     2 ||    15
       Falchion          |       |    17 ||    17
 Cast: Beastly Appendage |    25 |     9 ||    34
       Spider Form       |     1 |     1 ||     2
 Stab: Sleeping          |     6 |     3 ||     9
Armor: Skin              |     6 |       ||     6
Dodge: Dodged            |    66 |    21 ||    87

Levels and vault maps discovered:
D:1:      sevenhm_arrival_forest_fort_small_2, layout_basic,
          hellmonk_ecumenical_altar_pennies_from_heaven
D:2:      layout_loops_ring, serial_shops, nicolae_shop_advertising_works
          [nicolae_subvault_shop_adworks], uniq_terence
D:3:      layout_basic, uniq_sigmund, uniq_crazy_yiuf_cottage

Notes
Turn   | Place    | Note
-------+----------+-------------------------------------------
     0 | D:1      | zeratav the Octopode Transmuter began the quest for the
                  | Orb.
     0 | D:1      | Reached XP level 1. HP: 13/13 MP: 3/3
     0 | D:1      | magus.rc [v1.9.6]
     5 | D:1      | Noticed a death yak
     7 | D:1      | Noticed an elephant
    56 | D:1      | Found a faded altar of an unknown god.
   505 | D:1      | Reached XP level 2. HP: 16/18 MP: 3/5
   546 | D:1      | Reached skill level 1 in Stealth
  1182 | D:2      | Reached XP level 3. HP: 23/23 MP: 4/6
  1186 | D:2      | Learned a level 3 spell: Spider Form
  1442 | D:2      | Found Abbech's Weapon Shop.
  1554 | D:2      | Noticed Terence
  1596 | D:2      | Killed Terence
  1597 | D:2      | Reached skill level 2 in Stealth
  1597 | D:2      | Reached XP level 4. HP: 20/29 MP: 0/7
  1728 | D:2      | Identified the +4 dagger of the Lamprey {speed, Int+5
                  | Stlth+}
  2135 | D:3      | Reached skill level 2 in Fighting
  2385 | D:3      | Reached skill level 4 in Unarmed Combat
  2521 | D:3      | Noticed Sigmund
  2549 | D:3      | HP: 2/29 [Sigmund/+1 scythe of protection (8)]
  2550 | D:3      | Killed from afar by Sigmund

Vanquished Creatures
  Terence (D:2)
  2 adders
  A dart slug (D:2)
  2 orcs
  3 endoplasms (D:2)
  A giant cockroach (D:1)
  4 goblins
  2 hobgoblins (D:3)
  3 jackals (D:2)
  5 kobolds
  2 quokkas (D:1)
  4 ball pythons
  9 bats
  2 frilled lizards
  2 rats (D:1)
43 creatures vanquished.

Table legend:
 A = Non-vault XP
 B = Vault XP
 C = Vault XP percentage of total XP
 D = Non-vault monster count
 E = Vault monster count
 F = Vault count percentage of total count
                 A         B        C        D         E       F
            +---------+---------+-------+---------+---------+-------
      Total |      93 |      32 |  25.6 |      42 |       1 |   2.3
            +---------+---------+-------+---------+---------+-------
        D:1 |      28 |       0 |   0.0 |      19 |       0 |   0.0
        D:2 |      40 |      32 |  44.4 |      15 |       1 |   6.2
        D:3 |      25 |       0 |   0.0 |       8 |       0 |   0.0
            +---------+---------+-------+---------+---------+-------

Illustrated notes

Table legend:
 A = Kills in this place as a percentage of kills in entire the game.
 B = Kills by you in this place as a percentage of kills by you in the entire game.
 C = Kills by friends in this place as a percentage of kills by friends in the entire game.
 D = Other kills in this place as a percentage of other kills in the entire game.
 E = Experience gained in this place as a percentage of experience gained in the entire game.
 F = Experience gained in this place divided by the number of levels of this place that you have seen.
                   A       B       C       D       E      F
               +-------+-------+-------+-------+-------+----------------------
         Total | 100.0 | 100.0 |   N/A |   N/A | 100.0 |  41.7
       Dungeon | 100.0 | 100.0 |   N/A |   N/A | 100.0 |  41.7
               +-------+-------+-------+-------+-------+----------------------

Table legend: (Time is in decaauts)
 A = Elapsed time spent in this place.
 B = Non-inter-level travel time spent in this place.
 C = Inter-level travel time spent in this place.
 D = Time resting spent in this place.
 E = Time spent auto-exploring this place.
 F = Levels seen in this place.
 G = Mean time per level.
                   A        B        C        D        E       F      G
               +--------+--------+--------+--------+--------+-----+--------+
         Total |   2549 |   2523 |     26 |    310 |   1841 |   3 |  849.7 |
       Dungeon |   2549 |   2523 |     26 |    310 |   1841 |   3 |  849.7 |
               +--------+--------+--------+--------+--------+-----+--------+

Top non-repeatable levels by time:
     D:1: 1104 daAuts
     D:2: 880 daAuts
     D:3: 564 daAuts
